 Dungeon Crawl Stone Soup version 0.26-a0-597-gb535b0901c (webtiles) character file.

Game seed: 4839788165139378311

35 Lanoc the Stinger (level 3, 0/28 HPs)
             Began as a Naga Venom Mage on Sept 4, 2020.
             Slain by a goblin
             ... wielding a +0 club
             ... led by Robin
              (8 damage)
             ... on level 2 of the Dungeon.
             The game lasted 00:01:16 (863 turns).

Lanoc the Stinger (Naga Venom Mage)                  Turns: 863, Time: 00:01:17

Health: 0/28       AC:  2    Str: 10    XL:     3   Next: 33%
Magic:  1/6        EV: 10    Int: 15    God:
Gold:   37         SH:  5    Dex: 12    Spells: 5/6 levels left

rFire    . . .     SeeInvis +   (no weapon)
rCold    . . .     Faith    .   (no shield)
rNeg     . . .     Spirit   .   a - +0 robe
rPois    +         Reflect  +   (no helmet)
rElec    .         Harm     .   (no cloak)
rCorr    .                      (no gloves)
MR       .....                  (no barding)
Stlth    ++........             e - amulet of reflection
HPRegen  0.09/turn              (no ring)
MPRegen  0.10/turn              (no ring)

@: short of breath, very slow
A: large, see invisible, deformed body, poison resistance, slowness 2, spit
poison 1, AC +1
a: Spit Poison


You were on level 2 of the Dungeon.
You visited 1 branch of the dungeon, and saw 2 of its levels.

You collected 37 gold pieces.

Inventory:

Armour
 a - a +0 robe (worn)
Jewellery
 e - an amulet of reflection (around neck)
Scrolls
 b - a scroll of teleportation {unknown}
 c - a scroll of fog {unknown}
 f - a scroll of fear {unknown}


   Skills:
 + Level 2.0 Dodging
 - Level 3.0 Stealth
 - Level 2.0 Spellcasting
 + Level 1.7 Transmutations
 * Level 5.0 Poison Magic


You had 5 spell levels left.
You knew the following spells:

 Your Spells              Type           Power        Failure   Level
a - Sting                 Tmut/Pois      ##..         5%          1

Your spell library contained the following spells:

 Spells                   Type           Power        Failure   Level
 Poisonous Vapours        Pois/Air       #.....       12%         2
 Ignite Poison            Fire/Tmut/Pois #.......     26%         3
 Olgreb's Toxic Radiance  Pois           ###.....     28%         4
 Mephitic Cloud           Conj/Pois/Air  #.......     34%         3


Dungeon Overview and Level Annotations

Branches:
Dungeon (2/15)

Altars:
Elyvilon

Annotations:
D:2 Robin


Innate Abilities, Weirdness & Mutations

You cannot wear boots.
Your serpentine skin is tough. (AC +1)
You have supernaturally acute eyesight. (SInv)
Armour fits poorly on your strangely shaped body.
Your system is resistant to poisons. (rPois)
You cover ground very slowly.
You can spit poison.


Message History

Press: ? - help, Shift-Dir - straight line, f/p - hobgoblin
Aim: a hobgoblin, wielding a +0 club (severely wounded)
The sting hits the hobgoblin.
The hobgoblin is poisoned.
You kill the hobgoblin!
Press: ? - help, Shift-Dir - straight line, f - goblin
Aim: a goblin, wielding a +0 club The splash of poison misses the goblin.
The splash of poison hits the goblin!
The goblin is poisoned.
You kill the goblin!
Your Poison Magic skill increases to level 5!
The goblin hits you with a +0 club.
* * * LOW HITPOINT WARNING * * *
Robin roars a battlecry!
The goblin goes into a battle-frenzy!
You hear a shout!
It was a potion of curing.
You feel better. You block the goblin's attack.
Robin roars a battlecry!
A goblin comes into view. It is wielding a +0 dagger.
Robin throws the goblin at you! The goblin hits you with a +0 club!
You die...

.####.S(###.....#
.......(.S###.###
####....†.# #.# #
#.###..###.# # #.#
#†..##.#
####.###...##.###
†).g.).g...##...#
.#####.##..####.######
.# #.###g.g.Kg@g.<.#
.## #.# #.####.####.#
..## #.# #.# #.# #.#
...###.# #.# #.# #.#
..†.#..# #.# #.# #.#
_...#### #.# #.# #.#
....# #.# #.# #.#
...## #.# #.# #.# ..##
#.# #.#


You could see Robin, 3 goblins and a kobold.

Vanquished Creatures
  An adder (D:2)
  An ooze (D:1)
  A giant cockroach (D:1)
  6 goblins
  2 hobgoblins
  A quokka (D:2)
  2 bats
  A frilled lizard (D:1)
  3 kobolds
  2 rats (D:2)
20 creatures vanquished.

Notes
Turn   | Place    | Note
-------+----------+-------------------------------------------
     0 | D:1      | Lanoc the Naga Venom Mage began the quest for the Orb.
     0 | D:1      | Reached XP level 1. HP: 15/15 MP: 3/3
   338 | D:1      | Reached XP level 2. HP: 15/22 MP: 1/5
   747 | D:2      | Found a white marble altar of Elyvilon.
   825 | D:2      | Noticed Robin
   834 | D:2      | Reached XP level 3. HP: 18/28 MP: 1/6
   860 | D:2      | Reached skill level 5 in Poison Magic
   863 | D:2      | Slain by a goblin

Illustrated notes

Levels and vault maps discovered:
D:1:      matt_arrival_diagonals, layout_loops_corners
D:2:      layout_loops_ring, lemuel_round_altar, lightli_temple_of_fire,
          uniq_robin

Skill      XL: |  1  2  3 |
---------------+----------+-----
Dodging        | 2 |  2.0
Poison Magic   | 5 |  5.0
Stealth        | |  3.0
Spellcasting   | |  2.0
Transmutations | |  1.7

Action                   || total
-------------------------++-------
Melee: Unarmed           ||     9
 Cast: Sting             ||    30
 Abil: Spit Poison       ||     3
  Use: Potion            ||     1
Armor: Robe              ||     6
Dodge: Dodged            ||    13
Block: Other             ||     5

Table legend: (Time is in decaauts)
 A = Elapsed time spent in this place.
 B = Non-inter-level travel time spent in this place.
 C = Inter-level travel time spent in this place.
 D = Time resting spent in this place.
 E = Time spent auto-exploring this place.
 F = Levels seen in this place.
 G = Mean time per level.
                   A        B        C        D        E       F      G
               +--------+--------+--------+--------+--------+-----+--------+
         Total |    986 |    978 |      8 |      0 |    831 |   2 |  493.0 |
       Dungeon |    986 |    978 |      8 |      0 |    831 |   2 |  493.0 |
               +--------+--------+--------+--------+--------+-----+--------+

Top non-repeatable levels by time:
     D:1: 728 daAuts
     D:2: 258 daAuts
